[Event "16th Deltalift Open 2019"]
[Site "Halmstad"]
[Date "2019.06.01"]
[Round "8.11"]
[White "Ask, Josef"]
[Black "Olund, Joar"]
[Result "0-1"]
[ECO "B06"]
[WhiteElo "2149"]
[BlackElo "2328"]
[Annotator "ChessBase"]
[PlyCount "118"]
[EventDate "2019.05.30"]
[EventType "swiss"]
[EventCountry "SWE"]
[SourceTitle "playchess.com"]
[Source "ChessBase"]
[SourceQuality "1"]
[TimeControl "40/5400+30:1800+30"]

1. e4 g6 2. d3 Bg7 3. f4 d5 4. Be2 dxe4 5. dxe4 Qxd1+ 6. Bxd1 b6 7. Bf3 Bb7 8. e5 Nc6 9. Ne2 O-O-O 10. c3 f6 11. exf6 exf6 12. Na3 Nge7 13. O-O Rhe8 14. Nc2 Na5 15. Bxb7+ Kxb7 16. Ned4 Nd5 17. f5 gxf5 18. Nxf5 Bf8 19. Kh1 Re2 20. Ncd4 Re4 21. Ng3 Ree8 22. Nh5 Nc4 23. Nf5 Re2 24. b3 Nce3 25. Nxe3 Nxe3 26. Bxe3 Rxe3 27. Nxf6 h6 28. c4 Re2 29. Nd5 Bd6 30. a4 c6 31. Nf4 Re3 32. Rad1 Kc8 33. g3 Bxf4 34. Rxd8+ Kxd8 35. Rxf4 Rxb3 36. Rf6 Rb4 37. c5 bxc5 38. Rxc6 c4 39. a5 Kd7 40. Rc5 Kd6 41. Rc8 Kd7 42. Rc5 Kd6 43. Rc8 Kd5 44. Kg2 Kd4 45. Kf3 Rb5 46. Rd8+ Kc3 47. Rd6 Rxa5 48. Rxh6 Kb2 49. Rc6 c3 50. h4 c2 51. Kg4 Ra1 52. h5 c1=Q 53. Rxc1 Rxc1 54. h6 a5 55. Kf5 a4 56. g4 a3 57. g5 a2 58. h7 Rh1 59. g6 a1=Q 0-1

[Event "16th Deltalift Open 2019"]
[Site "Halmstad"]
[Date "2019.06.01"]
[Round "8.12"]
[White "Svensson, Mikael"]
[Black "Ziegler, Ari"]
[Result "1/2-1/2"]
[ECO "A46"]
[WhiteElo "2125"]
[BlackElo "2300"]
[Annotator "ChessBase"]
[PlyCount "150"]
[EventDate "2019.05.30"]
[EventType "swiss"]
[EventCountry "SWE"]
[SourceTitle "playchess.com"]
[Source "ChessBase"]
[SourceQuality "1"]
[TimeControl "40/5400+30:1800+30"]

1. d4 Nf6 2. Nf3 e6 3. Bg5 h6 4. Bh4 c5 5. c3 cxd4 6. cxd4 Qb6 7. Qc2 Nc6 8. e3 Bb4+ 9. Nc3 Nd5 10. Nd2 O-O 11. a3 Qa5 12. Nxd5 Bxd2+ 13. Qxd2 Qxd5 14. f3 f5 15. Bf2 b6 16. Bd3 a5 17. Qe2 Qd6 18. Bg3 Qe7 19. O-O Bb7 20. Bc7 d6 21. Bxb6 Rab8 22. Bb5 Ba8 23. Bxc6 Bxc6 24. Bxa5 Bb5 25. Qc2 Bxf1 26. Rxf1 Qg5 27. Qd2 d5 28. Rc1 Rb3 29. Rc3 Rb7 30. Rc7 Rxc7 31. Bxc7 Qe7 32. Ba5 Qb7 33. Qc2 f4 34. exf4 Rxf4 35. Qd2 Rf7 36. Qb4 Qc8 37. Qc3 Qa6 38. Kf2 g5 39. Bc7 Qc8 40. Ba5 Qb8 41. g3 Qb7 42. Qc2 Kg7 43. Qe2 Qc6 44. Bc3 Rf5 45. Kg2 Kf7 46. Qd1 Qc4 47. a4 Kg6 48. a5 Rf7 49. Qf1 Qc6 50. Qd3+ Kg7 51. Qe2 Kh7 52. Qd3+ Kg7 53. Qe3 Qa6 54. Qe5+ Kh7 55. Qe3 Kg8 56. Bd2 g4 57. f4 Rf5 58. Bc3 Kf7 59. Qd2 h5 60. Qd1 Qc4 61. Qf1 Qa4 62. Qe2 Qc6 63. Bb4 h4 64. Bc5 h3+ 65. Kg1 Qa4 66. a6 Qa1+ 67. Kf2 Qh1 68. Ke3 e5 69. Qxg4 exf4+ 70. gxf4 Qc1+ 71. Kd3 Qb1+ 72. Kc3 Qc1+ 73. Kd3 Qb1+ 74. Kc3 Qc1+ 75. Kd3 Qb1+ 1/2-1/2

[Event "16th Deltalift Open 2019"]
[Site "Halmstad"]
[Date "2019.06.01"]
[Round "8.13"]
[White "Nilsson, Eskil"]
[Black "Silseth, Simon"]
[Result "1/2-1/2"]
[ECO "B19"]
[WhiteElo "1991"]
[BlackElo "2268"]
[Annotator "ChessBase"]
[PlyCount "40"]
[EventDate "2019.05.30"]
[EventType "swiss"]
[EventCountry "SWE"]
[SourceTitle "playchess.com"]
[Source "ChessBase"]
[SourceQuality "1"]
[TimeControl "40/5400+30:1800+30"]

1. e4 c6 2. d4 d5 3. Nc3 dxe4 4. Nxe4 Bf5 5. Ng3 Bg6 6. h4 h6 7. Nf3 Nd7 8. h5 Bh7 9. Bd3 Bxd3 10. Qxd3 Ngf6 11. Bd2 e6 12. O-O-O Qc7 13. Ne4 O-O-O 14. g3 Nxe4 15. Qxe4 Nf6 16. Qe2 Rd5 17. c4 Rxh5 18. Rhe1 c5 19. Bf4 Bd6 20. Bxd6 Qxd6 1/2-1/2

[Event "16th Deltalift Open 2019"]
[Site "Halmstad"]
[Date "2019.06.01"]
[Round "8.14"]
[White "Nyander, Joakim"]
[Black "Karlsson, Jorgen"]
[Result "1-0"]
[ECO "A10"]
[WhiteElo "2235"]
[BlackElo "2123"]
[Annotator "ChessBase"]
[PlyCount "61"]
[EventDate "2019.05.30"]
[EventType "swiss"]
[EventCountry "SWE"]
[SourceTitle "playchess.com"]
[Source "ChessBase"]
[SourceQuality "1"]
[TimeControl "40/5400+30:1800+30"]

1. c4 g6 2. g3 Bg7 3. Bg2 Nc6 4. Nc3 d6 5. e4 e5 6. Nge2 Be6 7. d3 Qd7 8. Nd5 h6 9. O-O Nge7 10. Be3 Nd8 11. Rc1 c6 12. Nxe7 Qxe7 13. d4 f5 14. c5 Nf7 15. d5 cxd5 16. exd5 Bc8 17. Qa4+ Kf8 18. cxd6 Nxd6 19. Bc5 Kf7 20. Nc3 Rd8 21. Nb5 Bd7 22. Bxd6 Bxb5 23. Bxe7 Bxa4 24. Bxd8 Rxd8 25. Rc7+ Rd7 26. Rxd7+ Bxd7 27. Rc1 e4 28. Rc7 Ke7 29. Rxb7 Bd4 30. Bf1 Bb6 31. Bb5 1-0

[Event "16th Deltalift Open 2019"]
[Site "Halmstad"]
[Date "2019.06.01"]
[Round "8.15"]
[White "Andersson, Robert"]
[Black "Holst, Conny"]
[Result "1/2-1/2"]
[ECO "A05"]
[WhiteElo "2074"]
[BlackElo "2197"]
[Annotator "ChessBase"]
[PlyCount "42"]
[EventDate "2019.05.30"]
[EventType "swiss"]
[EventCountry "SWE"]
[SourceTitle "playchess.com"]
[Source "ChessBase"]
[SourceQuality "1"]
[TimeControl "40/5400+30:1800+30"]

1. Nf3 Nf6 2. d4 e6 3. g3 b6 4. Bg2 Bb7 5. O-O Be7 6. c4 O-O 7. Re1 d5 8. cxd5 exd5 9. Nc3 c5 10. dxc5 bxc5 11. Ne5 Na6 12. Bg5 Nc7 13. Qa4 Qd6 14. Bxf6 Bxf6 15. Nc4 Qa6 16. Qxa6 Bxa6 17. Ne3 Rab8 18. Nexd5 Nxd5 19. Bxd5 Rxb2 20. Rac1 Rd8 21. Bf3 Bxc3 1/2-1/2

[Event "16th Deltalift Open 2019"]
[Site "Halmstad"]
[Date "2019.06.01"]
[Round "8.17"]
[White "Petersson, Baldur Teodor"]
[Black "Cramling Bellon, Anna"]
[Result "1/2-1/2"]
[ECO "B30"]
[WhiteElo "2163"]
[BlackElo "1990"]
[Annotator "ChessBase"]
[PlyCount "35"]
[EventDate "2019.05.30"]
[EventType "swiss"]
[EventCountry "SWE"]
[SourceTitle "playchess.com"]
[Source "ChessBase"]
[SourceQuality "1"]
[TimeControl "40/5400+30:1800+30"]

1. e4 c5 2. Nf3 Nc6 3. d3 d6 4. g3 g6 5. Bg2 Bg7 6. O-O e5 7. c3 Nge7 8. a3 a5 9. a4 O-O 10. Na3 h6 11. Re1 Be6 12. Nd2 f5 13. Ndc4 d5 14. exd5 Bxd5 15. Bxd5+ Nxd5 16. Qb3 Rf7 17. Nb5 Rd7 18. Ne3 1/2-1/2

[Event "16th Deltalift Open 2019"]
[Site "Halmstad"]
[Date "2019.06.01"]
[Round "8.18"]
[White "Lindhe, Magnus"]
[Black "Carlstrom, Niklas"]
[Result "1-0"]
[ECO "D00"]
[WhiteElo "2173"]
[BlackElo "2065"]
[Annotator "ChessBase"]
[PlyCount "89"]
[EventDate "2019.05.30"]
[EventType "swiss"]
[EventCountry "SWE"]
[SourceTitle "playchess.com"]
[Source "ChessBase"]
[SourceQuality "1"]
[TimeControl "40/5400+30:1800+30"]

1. d4 d5 2. c3 Nc6 3. Bf4 Bg4 4. Na3 f6 5. f3 e5 6. Bg3 Be6 7. Nc2 Bd6 8. e4 exd4 9. Nxd4 Nxd4 10. Qxd4 Ne7 11. Bb5+ c6 12. Ba4 O-O 13. Ne2 b5 14. Bxd6 Qxd6 15. exd5 Nxd5 16. Bb3 c5 17. Qd2 c4 18. Bc2 Rad8 19. O-O Qb6+ 20. Nd4 Nb4 21. Qf2 Nxc2 22. Nxc2 Qb8 23. Nd4 Bd5 24. a3 a6 25. Rfe1 Rfe8 26. Rxe8+ Rxe8 27. Re1 Re5 28. Qg3 Rxe1+ 29. Qxe1 Kf7 30. Qe3 Qc8 31. Kf2 Qd7 32. Qf4 g6 33. h4 Kg7 34. h5 Bb7 35. h6+ Kf7 36. Qb8 Bc8 37. Qb6 Bb7 38. Qc5 Ba8 39. a4 bxa4 40. Qxc4+ Qd5 41. Qxa6 g5 42. Qxa4 Kg6 43. Qc2+ Kxh6 44. Nf5+ Kh5 45. g4+ {[%emt 0:00:44] Qd8} 1-0

[Event "16th Deltalift Open 2019"]
[Site "Halmstad"]
[Date "2019.06.01"]
[Round "8.19"]
[White "Johnson, Daniel"]
[Black "Wahlund, Max"]
[Result "1/2-1/2"]
[ECO "E81"]
[WhiteElo "2233"]
[BlackElo "2088"]
[Annotator "ChessBase"]
[PlyCount "33"]
[EventDate "2019.05.30"]
[EventType "swiss"]
[EventCountry "SWE"]
[SourceTitle "playchess.com"]
[Source "ChessBase"]
[SourceQuality "1"]
[TimeControl "40/5400+30:1800+30"]

1. d4 Nf6 2. c4 g6 3. Nc3 Bg7 4. e4 d6 5. f3 O-O 6. Nge2 c5 7. d5 e6 8. Ng3 exd5 9. cxd5 a6 10. a4 Nbd7 11. Be2 h5 12. Bg5 Qc7 13. O-O Nh7 14. Be3 h4 15. Nh1 f5 16. Qd2 Ne5 17. Nf2 1/2-1/2

[Event "16th Deltalift Open 2019"]
[Site "Halmstad"]
[Date "2019.06.01"]
[Round "8.20"]
[White "Wahlstrom, Lennart"]
[Black "Svensson, Leif"]
[Result "0-1"]
[ECO "C47"]
[WhiteElo "2196"]
[BlackElo "2016"]
[Annotator "ChessBase"]
[PlyCount "110"]
[EventDate "2019.05.30"]
[EventType "swiss"]
[EventCountry "SWE"]
[SourceTitle "playchess.com"]
[Source "ChessBase"]
[SourceQuality "1"]
[TimeControl "40/5400+30:1800+30"]

1. e4 e5 2. Nf3 Nf6 3. Nc3 Nc6 4. d4 exd4 5. Nxd4 Bb4 6. Nxc6 bxc6 7. Bd3 d5 8. exd5 cxd5 9. O-O O-O 10. Bg5 c6 11. Qf3 Be7 12. h3 h6 13. Bf4 Bd6 14. Ne2 Bxf4 15. Qxf4 Re8 16. Ng3 Be6 17. Nf5 Bxf5 18. Qxf5 Qb8 19. b3 Qe5 20. Qxe5 Rxe5 21. Rfe1 Rae8 22. Rxe5 Rxe5 23. c4 a5 24. a3 dxc4 25. Bxc4 Kf8 26. Kf1 Ne4 27. Rd1 Ke7 28. g4 g5 29. Kg2 Nd6 30. Ba6 Nb5 31. a4 Nd6 32. Rd4 Re4 33. Rd3 f5 34. gxf5 Nxf5 35. Bb7 Nd4 36. Ba6 Ne6 37. Re3 Nf4+ 38. Kg3 Rxe3+ 39. fxe3 Nd5 40. Kf3 Nf6 41. Bb7 Kd6 42. e4 c5 43. h4 Ke5 44. hxg5 hxg5 45. Bc6 g4+ 46. Ke3 g3 47. Bb7 g2 48. Kf2 Nxe4+ 49. Kxg2 Nd2 50. Kf2 Kd4 51. Ke2 Nxb3 52. Kd1 Kc3 53. Bd5 c4 54. Bf7 Nc5 55. Be8 Kb2 0-1

[Event "16th Deltalift Open 2019"]
[Site "Halmstad"]
[Date "2019.06.01"]
[Round "8.22"]
[White "Mejvik, Jacob"]
[Black "Lindborg, Patrik"]
[Result "1/2-1/2"]
[ECO "B48"]
[WhiteElo "2057"]
[BlackElo "2172"]
[Annotator "ChessBase"]
[PlyCount "48"]
[EventDate "2019.05.30"]
[EventType "swiss"]
[EventCountry "SWE"]
[SourceTitle "playchess.com"]
[Source "ChessBase"]
[SourceQuality "1"]
[TimeControl "40/5400+30:1800+30"]

1. e4 c5 2. Nf3 e6 3. d4 cxd4 4. Nxd4 Nc6 5. Nc3 Qc7 6. Be3 a6 7. Qd2 Nf6 8. O-O-O b5 9. Nxc6 Qxc6 10. f3 Bb4 11. Bd4 Bb7 12. Qg5 Be7 13. Bd3 b4 14. Ne2 O-O-O 15. Qa5 d5 16. Bb6 Rd6 17. Bc5 dxe4 18. fxe4 Rxd3 19. Bxe7 Rd7 20. Rxd7 Qxd7 21. Qxb4 Nxe4 22. Rf1 Re8 23. Bh4 f6 24. Rd1 Qe7 1/2-1/2

[Event "16th Deltalift Open 2019"]
[Site "Halmstad"]
[Date "2019.06.01"]
[Round "8.23"]
[White "Dingertz, Erik"]
[Black "Blomstrom, Lars"]
[Result "0-1"]
[ECO "A20"]
[WhiteElo "1969"]
[BlackElo "2153"]
[Annotator "ChessBase"]
[PlyCount "62"]
[EventDate "2019.05.30"]
[EventType "swiss"]
[EventCountry "SWE"]
[SourceTitle "playchess.com"]
[Source "ChessBase"]
[SourceQuality "1"]
[TimeControl "40/5400+30:1800+30"]

1. c4 e5 2. g3 Nc6 3. Bg2 f5 4. Nc3 Nf6 5. d3 Bb4 6. Bd2 O-O 7. a3 Bxc3 8. Bxc3 d6 9. b4 Qe8 10. b5 Ne7 11. e3 f4 12. Ne2 fxe3 13. fxe3 Ng4 14. Qd2 Qg6 15. e4 Bd7 16. h3 Nf2 17. Rf1 Nxh3 18. O-O-O Nf2 19. Rde1 a6 20. b6 cxb6 21. Qe3 Qh6 22. Qxh6 gxh6 23. Kd2 Rae8 24. d4 Nc6 25. Rb1 exd4 26. Nxd4 Nxe4+ 27. Bxe4 Rxe4 28. Rxf8+ Kxf8 29. Kd3 Rg4 30. Ne2 Bf5+ 31. Ke3 Bxb1 {[%emt 0:00:04] Kd4} 0-1

[Event "16th Deltalift Open 2019"]
[Site "Halmstad"]
[Date "2019.06.01"]
[Round "8.24"]
[White "Troberg Eskola, Love"]
[Black "Olsson, Thomas"]
[Result "1/2-1/2"]
[ECO "C71"]
[WhiteElo "2134"]
[BlackElo "1951"]
[Annotator "ChessBase"]
[PlyCount "61"]
[EventDate "2019.05.30"]
[EventType "swiss"]
[EventCountry "SWE"]
[SourceTitle "playchess.com"]
[Source "ChessBase"]
[SourceQuality "1"]
[TimeControl "40/5400+30:1800+30"]

1. e4 e5 2. Nf3 Nc6 3. Bb5 a6 4. Ba4 d6 5. d4 b5 6. Bb3 Nxd4 7. Nxd4 exd4 8. c3 Bb7 9. O-O Nf6 10. Re1 Be7 11. Bc2 dxc3 12. Nxc3 O-O 13. Qd3 Re8 14. Bg5 g6 15. f4 b4 16. Nd1 Nxe4 17. Bxe7 Rxe7 18. Ne3 d5 19. Rad1 c6 20. Ng4 Qb6+ 21. Kh1 Kg7 22. Rxe4 dxe4 23. Qd6 Re6 24. Qxe6 fxe6 25. Rd7+ Kf8 26. Nf6 Rd8 27. Nxh7+ Kg8 28. Nf6+ Kf8 29. Nh7+ Kg8 30. Nf6+ Kf8 31. Nh7+ 1/2-1/2